 Dungeon Crawl Stone Soup version 0.30-a0-134-gb40fab5c76 (webtiles) character file.

Game seed: 13115551605014526547

19718 blackman the Blocker (level 12, -1/94 (97) HPs)
             Began as a Gnoll Fighter on Sept 19, 2022.
             Was a Priest of Jiyva.
             Killed by divine providence
             ... invoked by a smoke demon
             ... summoned by an orc sorcerer
              (14 damage)
             ... on level 2 of the Orcish Mines.
             The game lasted 00:32:45 (9846 turns).

blackman the Blocker (Gnoll Fighter)                Turns: 9846, Time: 00:32:46

HP:   -1/94 (97)    AC: 24    Str: 19    XL:     12   Next: 71%
MP:   23/23         EV:  8    Int: 15    God:    Jiyva [***...]
Gold: 1771          SH:  6    Dex: 10    Spells: 26/26 levels left

rFire   . . .      SeeInvis +    w - +1 morningstar (distort)
rCold   . . .      Faith    .    c - +0 buckler
rNeg    . . .      Spirit   .    k - +0 plate armour
rPois   .          Reflect  .    O - +0 hat {SInv}
rElec   .          Harm     .    y - +1 cloak
rCorr   +          Rampage  .    t - +1 pair of gloves of Rykulekh {Fly}
Will    +....                    K - +2 pair of boots {Fly}
Stlth   ..........               z - amulet of the acrobat
HPRegen 1.37/turn                q - +4 ring of protection
MPRegen 0.53/turn                (no ring)

@: flying, lightly drained
A: fangs 1, strong nose, distributed training, iridescent scales 1, clever 2,
strong-willed 1, wild magic 3, pseudopods 1, tendrils
a: Renounce Religion, Oozemancy


You were on level 2 of the Orcish Mines.
You worshipped Jiyva.
Jiyva was most pleased with you.
You visited 2 branches of the dungeon, and saw 13 of its levels.
You also visited: Bailey.

You collected 1771 gold pieces.

Inventory:

Hand Weapons
 a - a +0 trident
 w - a +1 morningstar of distortion (weapon)
 H - the +12 pair of quick blades "Gyre" and "Gimble" {protect}
   (You found it on level 8 of the Dungeon)

   It grants its wielder temporary protection when it strikes (+7 to AC).
 I - a +0 hand axe
 L - a +3 spectral quarterstaff
Missiles
 m - a throwing net
 n - 10 poisoned darts
 p - 4 javelins
 J - 23 boomerangs (quivered)
Armour
 c - a +0 buckler (worn)
 k - a +0 plate armour (worn)
 t - the +1 pair of gloves of Rykulekh (worn) {Fly}
   (You found it on level 2 of the Dungeon)

   Fly:       It grants you flight.
 x - a +0 pair of gloves
 y - a +1 cloak (worn)
 B - +0 steam dragon scales
 K - a +2 pair of boots of flying (worn)
 N - a +1 hat
 O - a +0 hat of see invisible (worn)
Jewellery
 q - a +4 ring of protection (left hand)
 z - an amulet of the acrobat (around neck)
Wands
 e - a wand of iceblast (3)
 u - a wand of flame (23)
Scrolls
 b - a scroll of fog {unknown}
 f - 3 scrolls of enchant weapon {unknown}
 i - 7 scrolls of teleportation
 C - a scroll of immolation
 E - a scroll of noise
 G - 2 scrolls of vulnerability
Potions
 d - 2 potions of might
 g - 3 potions of heal wounds {unknown}
 h - 3 potions of berserk rage {unknown}
 j - 5 potions of curing {unknown}
 l - 8 potions of degeneration
 o - 2 potions of ambrosia {unknown}
 r - a potion of invisibility
 s - a potion of cancellation {unknown}
 v - 2 potions of brilliance {unknown}
 A - a potion of resistance {unknown}
 D - a potion of haste {unknown}
 F - a potion of magic {unknown}


   Skills:
 + Level 10.3 Fighting
 + Level 7.8 Short Blades
 + Level 7.8 Long Blades
 + Level 7.8 Axes
 + Level 7.8 Maces & Flails
 + Level 9.1 Polearms
 + Level 7.8 Staves
 + Level 7.8 Ranged Weapons
 + Level 7.8 Throwing
 + Level 10.3 Armour
 + Level 7.8 Dodging
 + Level 7.8 Stealth
 + Level 10.3 Shields
 + Level 7.8 Unarmed Combat
 + Level 7.8 Spellcasting
 + Level 6.5 Conjurations
 + Level 6.5 Hexes
 + Level 6.5 Summonings
 + Level 6.5 Necromancy
 + Level 6.5 Translocations
 + Level 6.5 Transmutations
 + Level 6.5 Fire Magic
 + Level 6.5 Ice Magic
 + Level 6.5 Air Magic
 + Level 6.5 Earth Magic
 + Level 6.5 Poison Magic
 + Level 8.6 Invocations
 + Level 7.8 Evocations


You had 26 spell levels left.
You didn't know any spells.
Your spell library contained the following spells:

 Spells                   Type           Power      Damage    Failure   Level
 Confusing Touch          Hex            48%        N/A       75%         3
 Dazzling Flash           Conj/Hex       96%        N/A       75%         3
 Ozocubu's Armour         Ice            48%        N/A       75%         3
 Cause Fear               Hex            24%        N/A       97%         4
 Iskenderun's Mystic Bla  Conj/Tloc      48%        2d11      97%         4
 Yara's Violent Unravell  Hex/Tmut       24%        3d11      100%        5
 Starburst                Conj/Fire      24%        6d8       100%        6
 Dragon Form              Tmut           24%        N/A       100%        7
 Enfeeble                 Hex            24%        N/A       100%        7
 Ozocubu's Refrigeration  Ice            24%        4d12      100%        7
 Dragon's Call            Summ           24%        N/A       100%        9


Dungeon Overview and Level Annotations

Branches:
Dungeon (11/15)            Temple (0/1) D:4            Lair (0/5) D:11
    Orc (2/2) D:11         Bailey (visited)
    Elf: Orc:2

Altars:
Cheibriados
Fedhas
Zin
Jiyva

Shops:
Orc:1 *

Annotations:
D:6 2 transporters, IdlyInterested's ghost, novice DsWn
Abyss:1 Crazy Yiuf; Nergalle


Innate Abilities, Weirdness & Mutations

You have very sharp teeth.
Your uncanny sense of smell can sniff out nearby items.
Your experience applies equally to all skills.
You are partially covered in iridescent scales. (AC +2)
Your mind is very acute. (Int +8, Str/Dex -2)
You are strong-willed. (Will+)
Your spells are much harder to cast, but much more powerful.
Armour fits poorly on your pseudopods.
You are covered in slimy tendrils that may disarm your opponents.


Message History

You closely miss the orc sorcerer.
The orc sorcerer is heavily wounded.
The smoke demon hits you.
The smoke demon hits you but does no damage.
The smoke demon barely misses you. The ogre barely misses you.
The orc sorcerer completely misses you.
You closely miss the orc sorcerer.
The orc sorcerer is heavily wounded.
The smoke demon closely misses you. The smoke demon hits you.
The smoke demon hits you but does no damage.
The ogre hits you with a +0 giant club!
The orc sorcerer points at you and mumbles some strange words.
The bolt of negative energy hits you!
You feel drained. The smoke demon gestures at you.
The ball of steam hits you but does no damage.
You barely miss the orc sorcerer.
You bite the orc sorcerer, but do no damage.
You bludgeon the orc sorcerer, but do no damage.
The orc sorcerer is heavily wounded.
You are engulfed in a cloud of scalding steam.
You block the orc sorcerer's attack.
The smoke demon hits you but does no damage. x3
You barely miss the orc sorcerer. Your bludgeon misses the orc sorcerer.
The orc sorcerer is heavily wounded.
You are engulfed in a cloud of scalding steam.
The ogre closely misses you. The orc sorcerer hits you.
The smoke demon gestures at you. Something smites you!
The orc sorcerer casts a spell at you. The bolt of fire hits you!!
* * * LOW HITPOINT WARNING * * *
The smoke demon misses you.
The smoke demon hits you but does no damage.
The smoke demon completely misses you.
You barely miss the orc sorcerer.
The orc sorcerer is moderately wounded.
The orc sorcerer hits you but does no damage.
The smoke demon gestures at you. Something smites you!
You die...

.#.#........ #
#..........#### #.
#...........#.##
...##.............##
..........#......#.#
....................
..........o3........
.......<..@O).......
...........§........
............§.......
...................#
.....#.....§........
.##.#....#.........#
#..........§....###
.................#
.#.#.##.#...##.##


You could see a smoke demon (summoned), an orc sorcerer and an ogre.

Vanquished Creatures
  An orc warlord (Orc:2)
  3 two-headed ogres
  Pikel (D:6)
  An orc knight (Bailey)
  An oklob plant (D:11)
  A cyclops (Orc:2)
  Joseph (D:10)
  Maurice (Orc:1)
  2 komodo dragons
  A kobold demonologist (D:11)
  Maggie (D:7)
  3 trolls
  2 hornets
  Sigmund (D:2)
  A vampire (D:9)
  2 spriggans
  2 wyverns
  12 yaks
  A wraith (D:11)
  4 wargs
  Menkaure (D:7)
  2 water moccasins
  Duvessa (D:7)
  3 ice beasts
  A black bear (D:4)
  18 orc warriors
  4 ogres
  3 wolves (D:10)
  13 centaurs
  A kobold brigand (D:7)
  2 bullfrogs
  A phantom (D:6)
  A necrophage (D:5)
  2 gnoll sergeants
  2 scorpions
  11 wights
  Dowan (D:7)
  13 killer bees
  A howler monkey (D:6)
  2 hounds
  11 orc priests
  3 gnoll boudas
  4 iguanas
  22 orc wizards
  6 adders
  20 gnolls
  2 white imps
  7 ufetubi
  6 worms
  The ghost of drugrobin the Sneak, a weakling DgDe (D:5)
  4 dart slugs
  54 orcs
  6 endoplasms
  4 giant cockroaches
  14 goblins
  12 hobgoblins
  4 jackals (D:2)
  18 kobolds
  2 quokkas (D:2)
  8 ball pythons
  3 bats
  2 frilled lizards (D:2)
  8 rats
346 creatures vanquished.

Vanquished Creatures (others)
  Erica (D:8)
  Grum (D:10)
  A centaur (D:7)
  A kobold brigand (D:9)
  A bullfrog (D:8)
  2 wights (D:7)
  2 howler monkeys (D:10)
  29 jellies
  3 orc wizards
  An adder (D:3)
  3 endoplasms (D:4)
  8 orcs
  2 bats (D:3)
  A giant cockroach (D:4)
  A goblin (D:4)
  A ball python (D:3)
  2 frilled lizards (D:3)
  5 kobolds (D:9)
  A rat (D:2)
  7 fungi
  4 plants (D:3)
77 creatures vanquished.

Grand Total: 423 creatures vanquished

Notes
Turn   | Place    | Note
-------+----------+-------------------------------------------
     0 | D:1      | blackman the Gnoll Fighter began the quest for the Orb.
     0 | D:1      | Reached XP level 1. HP: 23/23 MP: 1/1
    94 | D:1      | Reached XP level 2. HP: 29/29 MP: 2/2
   535 | D:1      | Reached XP level 3. HP: 35/35 MP: 3/3
   819 | D:2      | Reached skill level 1 in Invocations
  1066 | D:2      | Reached skill level 1 in Short Blades
  1066 | D:2      | Reached skill level 1 in Long Blades
  1066 | D:2      | Reached skill level 1 in Axes
  1066 | D:2      | Reached skill level 1 in Maces & Flails
  1066 | D:2      | Reached skill level 1 in Staves
  1066 | D:2      | Reached skill level 1 in Ranged Weapons
  1066 | D:2      | Reached skill level 1 in Throwing
  1066 | D:2      | Reached skill level 1 in Dodging
  1066 | D:2      | Reached skill level 1 in Stealth
  1066 | D:2      | Reached skill level 1 in Unarmed Combat
  1066 | D:2      | Reached skill level 1 in Spellcasting
  1066 | D:2      | Reached skill level 1 in Evocations
  1222 | D:2      | Reached skill level 1 in Conjurations
  1222 | D:2      | Reached skill level 1 in Hexes
  1222 | D:2      | Reached skill level 1 in Summonings
  1222 | D:2      | Reached skill level 1 in Necromancy
  1222 | D:2      | Reached skill level 1 in Translocations
  1222 | D:2      | Reached skill level 1 in Transmutations
  1222 | D:2      | Reached skill level 1 in Fire Magic
  1222 | D:2      | Reached skill level 1 in Ice Magic
  1222 | D:2      | Reached skill level 1 in Air Magic
  1222 | D:2      | Reached skill level 1 in Earth Magic
  1222 | D:2      | Reached skill level 1 in Poison Magic
  1222 | D:2      | Reached XP level 4. HP: 35/41 MP: 5/5
  1414 | D:2      | Identified the +1 pair of gloves of Rykulekh {Fly}
  1681 | D:2      | Found a faded altar of an unknown god.
  1723 | D:2      | Prayed at the altar of an unknown god.
  1723 | D:2      | Became a worshipper of Jiyva Jimid the Shapeless
  1723 | D:2      | Reached * piety under Jiyva
  1792 | D:2      | Reached XP level 5. HP: 47/47 MP: 7/7
  1886 | D:2      | Noticed Sigmund
  1919 | D:2      | Killed Sigmund
  1920 | D:2      | Reached skill level 5 in Polearms
  1920 | D:2      | Reached XP level 6. HP: 34/53 MP: 7/9
  2540 | D:3      | Found a blossoming altar of Fedhas.
  2559 | D:3      | Reached ** piety under Jiyva
  3080 | D:4      | Noticed a black bear
  3086 | D:4      | Killed a black bear
  3265 | D:4      | Found a staircase to the Ecumenical Temple.
  3298 | D:4      | Reached XP level 7. HP: 60/60 MP: 10/10
  3413 | D:4      | Noticed a wyvern
  3420 | D:4      | Killed a wyvern
  3442 | D:4      | Reached *** piety under Jiyva
  3516 | D:4      | Gained mutation: You are strong-willed. (Will+) [Jiyva's
                  | grace]
  3516 | D:4      | Gained mutation: You are highly strong-willed. (Will++)
                  | [Jiyva's grace]
  3516 | D:4      | Gained mutation: You are extremely strong-willed. (Will+++)
                  | [Jiyva's grace]
  3516 | D:4      | Gained mutation: You have acidic saliva. [Jiyva's grace]
  3926 | D:5      | Entered Level 5 of the Dungeon
  4064 | D:5      | Reached XP level 8. HP: 67/67 MP: 12/12
  4086 | D:5      | Found a runed translucent door.
  4090 | D:5      | Noticed drugrobin's ghost (weakling DgDe)
  4682 | D:5      | Killed drugrobin's ghost
  4843 | D:6      | Found a runed translucent door.
  4844 | D:6      | Noticed Crazy Yiuf
  4933 | D:6      | Reached **** piety under Jiyva
  4946 | D:6      | Noticed Pikel
  4956 | D:6      | Killed Pikel
  4957 | D:6      | Reached XP level 9. HP: 74/74 MP: 12/15
  5024 | D:6      | Found a transporter.
  5028 | D:6      | Noticed IdlyInterested's ghost (novice DsWn)
  5094 | D:6      | Found a transporter.
  5094 | D:6      | Noticed a white ugly thing
  5331 | D:6      | Found a snail-covered altar of Cheibriados.
  5450 | D:6      | Banished Crazy Yiuf
  5506 | D:7      | Reached skill level 5 in Invocations
  5519 | D:7      | Noticed Maggie
  5525 | D:7      | Killed Maggie
  5713 | D:7      | Lost mutation: You are extremely strong-willed. (Will+++)
                  | [Jiyva's grace]
  5713 | D:7      | Lost mutation: You have acidic saliva. [Jiyva's grace]
  5713 | D:7      | Gained mutation: You are partially covered in iridescent
                  | scales. (AC +2) [Jiyva's grace]
  5713 | D:7      | Gained mutation: You are mostly covered in iridescent
                  | scales. (AC +4) [Jiyva's grace]
  5713 | D:7      | Gained mutation: You are completely covered in iridescent
                  | scales. (AC +6) [Jiyva's grace]
  5713 | D:7      | Gained mutation: Armour fits poorly on your pseudopods.
                  | [Jiyva's grace]
  5735 | D:7      | Reached skill level 5 in Short Blades
  5735 | D:7      | Reached skill level 5 in Long Blades
  5735 | D:7      | Reached skill level 5 in Axes
  5735 | D:7      | Reached skill level 5 in Maces & Flails
  5735 | D:7      | Reached skill level 5 in Staves
  5735 | D:7      | Reached skill level 5 in Ranged Weapons
  5735 | D:7      | Reached skill level 5 in Throwing
  5735 | D:7      | Reached skill level 5 in Dodging
  5735 | D:7      | Reached skill level 5 in Stealth
  5735 | D:7      | Reached skill level 5 in Unarmed Combat
  5735 | D:7      | Reached skill level 5 in Spellcasting
  5735 | D:7      | Reached skill level 5 in Evocations
  5735 | D:7      | Reached XP level 10. HP: 61/81 MP: 17/17
  5825 | D:7      | Noticed Duvessa
  5827 | D:7      | Noticed Dowan
  5839 | D:7      | Killed Duvessa
  5851 | D:7      | Killed Dowan
  5994 | D:7      | Noticed Menkaure
  5997 | D:7      | Killed Menkaure
  6344 | D:8      | Noticed Erica
  6392 | D:8      | Killed Erica
  6784 | D:8      | Noticed a two-headed ogre
  6785 | D:8      | Noticed a two-headed ogre
  6792 | D:8      | Killed a two-headed ogre
  6793 | D:8      | Reached skill level 5 in Conjurations
  6793 | D:8      | Reached skill level 5 in Hexes
  6793 | D:8      | Reached skill level 5 in Summonings
  6793 | D:8      | Reached skill level 5 in Necromancy
  6793 | D:8      | Reached skill level 5 in Translocations
  6793 | D:8      | Reached skill level 5 in Transmutations
  6793 | D:8      | Reached skill level 5 in Fire Magic
  6793 | D:8      | Reached skill level 5 in Ice Magic
  6793 | D:8      | Reached skill level 5 in Air Magic
  6793 | D:8      | Reached skill level 5 in Earth Magic
  6793 | D:8      | Reached skill level 5 in Poison Magic
  6793 | D:8      | Reached XP level 11. HP: 84/89 MP: 18/20
  6794 | D:8      | Killed a two-headed ogre
  6799 | D:8      | Found the +12 pair of quick blades "Gyre" and "Gimble"
                  | {protect}
  7073 | D:9      | Found a flagged portal.
  7127 | Bailey   | Entered a bailey
  7164 | Bailey   | Noticed an orc knight
  7253 | Bailey   | Killed an orc knight
  7319 | Bailey   | Identified the +1 robe of Midsummer {rCorr}
  7414 | D:9      | Noticed a two-headed ogre
  7424 | D:9      | Killed a two-headed ogre
  7455 | D:9      | Gained mutation: You have acidic saliva. [Jiyva's grace]
  7455 | D:9      | Gained mutation: You have a small jelly attached to you
                  | that senses nearby items. [Jiyva's grace]
  7455 | D:9      | Gained mutation: Your mind is acute. (Int +4, Str/Dex -1)
                  | [Jiyva's grace]
  7455 | D:9      | Gained mutation: Your mind is very acute. (Int +8, Str/Dex
                  | -2) [Jiyva's grace]
  7832 | D:9      | Found a glowing silver altar of Zin.
  7832 | D:9      | Noticed an angel
  8031 | D:10     | Entered Level 10 of the Dungeon
  8152 | D:10     | Noticed Grum
  8156 | D:10     | Killed Grum
  8217 | D:10     | Noticed Joseph
  8232 | D:10     | Killed Joseph
  8526 | D:10     | Noticed Nergalle
  8534 | D:10     | Banished Nergalle
  8947 | D:11     | Reached XP level 12. HP: 70/97 MP: 22/22
  9045 | D:11     | Identified a scroll of acquirement
  9045 | D:11     | Acquired 1088 gold pieces
  9056 | D:11     | Found a staircase to the Lair.
  9239 | D:11     | Found a staircase to the Orcish Mines.
  9263 | Orc:1    | Entered Level 1 of the Orcish Mines
  9312 | Orc:1    | Reached skill level 10 in Fighting
  9312 | Orc:1    | Reached skill level 10 in Armour
  9312 | Orc:1    | Reached skill level 10 in Shields
  9339 | Orc:1    | Noticed Maurice
  9371 | Orc:1    | Killed Maurice
  9425 | Orc:1    | Found Pibu's General Store.
  9690 | Orc:2    | Entered Level 2 of the Orcish Mines
  9690 | Orc:2    | Lost mutation: You are completely covered in iridescent
                  | scales. (AC +6) [Jiyva's grace]
  9690 | Orc:2    | Lost mutation: You are mostly covered in iridescent scales.
                  | (AC +4) [Jiyva's grace]
  9690 | Orc:2    | Lost mutation: You are highly strong-willed. (Will++)
                  | [Jiyva's grace]
  9690 | Orc:2    | Lost mutation: You have acidic saliva. [Jiyva's grace]
  9690 | Orc:2    | Lost mutation: You have a small jelly attached to you that
                  | senses nearby items. [Jiyva's grace]
  9690 | Orc:2    | Gained mutation: Your spells are a little harder to cast,
                  | but a little more powerful. [Jiyva's grace]
  9690 | Orc:2    | Gained mutation: Your spells are harder to cast, but more
                  | powerful. [Jiyva's grace]
  9690 | Orc:2    | Gained mutation: Your spells are much harder to cast, but
                  | much more powerful. [Jiyva's grace]
  9690 | Orc:2    | Gained mutation: You are covered in slimy tendrils that may
                  | disarm your opponents. [Jiyva's grace]
  9703 | Orc:2    | Noticed an orc warlord
  9729 | Orc:2    | Killed an orc warlord
  9780 | Orc:2    | Noticed an orc warlord
  9781 | Orc:2    | Noticed an orc high priest
  9783 | Orc:2    | Noticed an orc high priest
  9846 | Orc:2    | Killed from afar by a smoke demon

Illustrated notes

Levels and vault maps discovered:
D:1:      kennysheep_arrival_seaside, layout_rooms
D:2:      minmay_diamond_boxcup, layout_basic,
          shapermc_ecumenical_altar_mp_highgroup, uniq_sigmund
D:3:      layout_rooms, fedhas_altar_3
D:4:      layout_layer_cave, minmay_temple_entry_offerings
D:5:      layout_loops_ring, gammafunk_ghost_grave
D:6:      layout_rooms, chei_slow_surprise, gammafunk_ghost_arena,
          uniq_crazy_yiuf_cottage, uniq_pikel
D:7:      minmay_skewed_foursquare, layout_loops_ring, uniq_duvessa,
          uniq_menkaure, uniq_maggie
D:8:      layout_cave_pools, st_stairs_10,
          hellmonk_guarded_unrand_gyre_and_gimble, uniq_erica
D:9:      layout_irregular_city, zin_angel, enter_bailey_5,
          grunt_decor_mini_mirrors, serial_bayou_pond_d, grunt_ministairs_14,
          the_hattery
D:10:     layout_basic, uniq_joseph, uniq_grum, uniq_nergalle
D:11:     layout_basic, dpeg_oklobed_lair, erik_orc_1, serial_bayou_pond_e
Orc:1:    layout_diamond_mine, serial_shops, nicolae_shop_crystal, uniq_maurice
Orc:2:    grunt_orc_gardens, layout_caves, grunt_orc_garden, grunt_orc_garden,
          grunt_orc_garden, grunt_orc_garden, uniq_donald

Skill      XL: |  1  2  3  4  5  6  7  8  9 10 11 12 |
---------------+-------------------------------------+-----
Invocations    | 1 2 3 4 5 6 7 8 |  8.6
Short Blades   | 1 2 3 4 5 6 7 |  7.8
Long Blades    | 1 2 3 4 5 6 7 |  7.8
Axes           | 1 2 3 4 5 6 7 |  7.8
Maces & Flails | 1 2 3 4 5 6 7 |  7.8
Staves         | 1 2 3 4 5 6 7 |  7.8
Ranged Weapons | 1 2 3 4 5 6 7 |  7.8
Throwing       | 1 2 3 4 5 6 7 |  7.8
Dodging        | 1 2 3 4 5 6 7 |  7.8
Stealth        | 1 2 3 4 5 6 7 |  7.8
Unarmed Combat | 1 2 3 4 5 6 7 |  7.8
Spellcasting   | 1 2 3 4 5 6 7 |  7.8
Evocations     | 1 2 3 4 5 6 7 |  7.8
Conjurations   | 1 2 3 4 5 6 |  6.5
Hexes          | 1 2 3 4 5 6 |  6.5
Summonings     | 1 2 3 4 5 6 |  6.5
Necromancy     | 1 2 3 4 5 6 |  6.5
Translocations | 1 2 3 4 5 6 |  6.5
Transmutations | 1 2 3 4 5 6 |  6.5
Fire Magic     | 1 2 3 4 5 6 |  6.5
Ice Magic      | 1 2 3 4 5 6 |  6.5
Air Magic      | 1 2 3 4 5 6 |  6.5
Earth Magic    | 1 2 3 4 5 6 |  6.5
Poison Magic   | 1 2 3 4 5 6 |  6.5
Polearms       | 5 6 7 8 9 |  9.1
Fighting       | 7 8 9 10 | 10.3
Armour         | 7 8 9 10 | 10.3
Shields        | 7 8 9 10 | 10.3

Action                   |  1- 3 |  4- 6 |  7- 9 | 10-12 || total
-------------------------+-------+-------+-------+-------++-------
Melee: Trident           |   100 |   169 |       |       ||   269
       Bite              |     5 |    18 |    26 |    79 ||   128
       Morningstar       |       |    21 |   206 |   578 ||   805
       Pseudopods        |       |       |     4 |   116 ||   120
Throw: Boomerang         |       |       |       |    17 ||    17
       Throwing net      |       |       |       |     1 ||     1
Invok: Oozemancy         |       |       |     4 |    10 ||    14
  Use: Scroll            |       |       |       |    11 ||    11
       Potion            |       |       |       |     1 ||     1
 Stab: Sleeping          |       |       |       |     1 ||     1
Armor: Scale mail        |    36 |    69 |   145 |   117 ||   367
       Plate armour      |       |       |       |   401 ||   401
Dodge: Dodged            |    27 |    78 |   146 |   448 ||   699
Block: Buckler           |    12 |    54 |    91 |   279 ||   436

Table legend: (Time is in decaauts)
 A = Elapsed time spent in this place.
 B = Non-inter-level travel time spent in this place.
 C = Inter-level travel time spent in this place.
 D = Time resting spent in this place.
 E = Time spent auto-exploring this place.
 F = Levels seen in this place.
 G = Mean time per level.
                   A        B        C        D        E       F      G
               +--------+--------+--------+--------+--------+-----+--------+
         Total |  10062 |   9173 |    889 |      0 |   6369 |  14 |  718.7 |
       Dungeon |   9192 |   8352 |    840 |      0 |   6173 |  11 |  835.6 |
  Orcish Mines |    603 |    554 |     49 |      0 |    180 |   2 |  301.5 |
        Bailey |    266 |    266 |      0 |      0 |     16 |   1 |  266.0 |
               +--------+--------+--------+--------+--------+-----+--------+

Top non-repeatable levels by time:
     D:2: 1585 daAuts
     D:4: 1137 daAuts
     D:9: 940 daAuts
    D:10: 912 daAuts
     D:5: 843 daAuts
     D:1: 807 daAuts
     D:6: 765 daAuts
     D:7: 721 daAuts
     D:8: 685 daAuts
   Orc:1: 479 daAuts
     D:3: 441 daAuts
    D:11: 352 daAuts
  Bailey: 266 daAuts
   Orc:2: 124 daAuts
